 Dungeon Crawl Stone Soup version 0.29.1-2-gbd0b4ee654 (webtiles) character file.

Game seed: 14371325692862136931

55 Proctologist the Conjurer (level 3, -1/26 HPs)
             Began as a Demigod Conjurer on Nov 3, 2022.
             Slain by a gnoll
             ... wielding a +0 halberd
              (4 damage)
             ... on level 2 of the Dungeon.
             The game lasted 00:14:23 (6417 turns).

Proctologist the Conjurer (Demigod Conjurer)        Turns: 6417, Time: 00:14:24

Health: -1/26      AC:  5    Str:  6 (8)  XL:     3   Next: 45%
Magic:  6/8        EV:  9    Int: 24      God:
Gold:   84         SH:  0    Dex: 10 (12) Spells: 4/5 levels left

rFire   . . .      SeeInvis .   f - +0 short sword
rCold   . . .      Faith    .   (no shield)
rNeg    . . .      Spirit   .   g - +0 ring mail
rPois   .          Reflect  .   (no helmet)
rElec   .          Harm     .   (no cloak)
rCorr   .          Rampage  .   (no gloves)
Will    .....                   (no boots)
Stlth   +.........              (no amulet)
HPRegen 0.08/turn               (no ring)
MPRegen 0.11/turn               (no ring)

@: no status effects
A: high MP 1, forlorn, divine attributes
a: no special abilities


You were on level 2 of the Dungeon.
You visited 1 branch of the dungeon, and saw 2 of its levels.

You collected 84 gold pieces.

Inventory:

Hand Weapons
 f - a +0 short sword (weapon)
Missiles
 h - 11 stones
 j - 7 poisoned darts
Armour
 a - a +0 robe
 g - a +0 ring mail (worn)
Scrolls
 c - a scroll of acquirement {unknown}
 d - a scroll of magic mapping {unknown}
 e - a scroll of fear {unknown}
 m - a scroll of blinking {unknown}
 n - a scroll of noise {unknown}
 o - a scroll of identify {unknown}
Potions
 b - 2 potions of magic
 i - a potion of attraction {unknown}
 k - 3 potions of might {unknown}
 l - a potion of haste {unknown}


   Skills:
 + Level 0.3 Fighting
 + Level 0.9 Armour
 + Level 2.2 Dodging
 + Level 2.3 Stealth
 + Level 0.1 Unarmed Combat
 + Level 1.8 Spellcasting
 + Level 4.1 Conjurations


You had 4 spell levels left.
You knew the following spells:

 Your Spells              Type           Power      Damage    Failure   Level
a - Magic Dart            Conj           88%        1d7       9%          1

Your spell library contained the following spells:

 Spells                   Type           Power      Damage    Failure   Level
 Searing Ray              Conj           44%        2d6       13%         2
 Dazzling Flash           Conj/Hex       24%        N/A       52%         3
 Fulminant Prism          Conj/Hex       6%         3d7       90%         4
 Iskenderun's Mystic Bla  Conj/Tloc      12%        2d5       90%         4


Dungeon Overview and Level Annotations

Branches:
Dungeon (2/15)

Shops:
D:1 (


Innate Abilities, Weirdness & Mutations

You have an increased reservoir of magic. (+10% MP)
You shall have no god before yourself.
Your divine heritage dramatically boosts your attributes as you level up.


Message History

A nearby plant withers and dies.
There is a faded altar of an unknown god here.
A being of your status worships no god.
There is an open door here.
There is an open door here.
Found 13 gold pieces.
A gnoll comes into view. It is wielding a +0 flail.
A gnoll comes into view. It is wielding a +0 whip.
The gnoll shouts!
A gnoll comes into view. It is wielding a +0 halberd.
The gnoll shouts!
A gnoll comes into view. It is wielding a +0 whip.
You see here 13 gold pieces.
An endoplasm comes into view.
The gnoll shouts!
The endoplasm quivers.
A kobold comes into view.
It is wielding a +0 dagger of holy wrath.
The gnoll hits you but does no damage. The gnoll closely misses you.
The gnoll attacks as you move away! The gnoll hits you with a +0 flail.
You see here 13 gold pieces.
Casting: Magic Dart (safe; 9% risk of failure)
Confirm with . or Enter, or press ? or * to list all spells.
Aiming: Magic Dart (safe; 9% risk of failure)
Press: ? - help, Shift-Dir - straight line, f - gnoll
Aim: a gnoll, wielding a +0 flail (100% to hit)
The magic dart hits the gnoll.
The gnoll is lightly wounded.
The gnoll hits you with a +0 flail.
The gnoll hits you from afar with a +0 halberd!
Casting: Magic Dart (safe; 9% risk of failure)
Confirm with . or Enter, or press ? or * to list all spells.
Aiming: Magic Dart (safe; 9% risk of failure)
Press: ? - help, Shift-Dir - straight line, f/p - gnoll
Aim: a gnoll, wielding a +0 flail (lightly wounded, 100% to hit)
The magic dart hits the gnoll but does no damage.
The gnoll is lightly wounded.
The gnoll hits you with a +0 flail!
* * * LOW HITPOINT WARNING * * *
The gnoll hits you from afar with a +0 halberd.
You die...

###########
##.........###
###............#
#...##♣'♣##....###
#.♣♣#.....#♣♣.....
#.♣÷#..8..#÷♣.....
#.♣♣#.....#♣♣...#.
#@♣P###'###♣♣...#.
#g♣.....P.P.♣...#.
#g♣♣P♣P.P♣P♣♣.....
#gg♣♣.♣.P.♣♣....#.
.KJ.♣♣♣.♣♣♣.....#.
K.....♣♣_♣♣......#.
........♣♣♣..###....
.####..#.....##<.....
#. ..####..........


You could see 4 gnolls, an endoplasm and a kobold.

Vanquished Creatures
  A worm (D:2)
  2 dart slugs
  5 endoplasms
  5 goblins
  4 hobgoblins
  2 kobolds
  4 quokkas
  10 ball pythons
  4 bats
  3 frilled lizards (D:1)
  5 rats
45 creatures vanquished.

Vanquished Creatures (others)
  A plant (D:2)
1 creature vanquished.

Grand Total: 46 creatures vanquished

Notes
Turn   | Place    | Note
-------+----------+-------------------------------------------
     0 | D:1      | Proctologist the Demigod Conjurer began the quest for the
                  | Orb.
     0 | D:1      | Reached XP level 1. HP: 14/14 MP: 5/5
    75 | D:1      | Found Fetevaich's Weapon Emporium.
   393 | D:1      | Reached XP level 2. HP: 20/20 MP: 2/7
   601 | D:1      | Reached skill level 4 in Conjurations
  5000 | D:1      | Glimpsed the power of Zot.
  5494 | D:1      | Glimpsed the power of Zot.
  5506 | D:2      | Reached XP level 3. HP: 17/26 MP: 4/8
  6417 | D:2      | Slain by a gnoll

Illustrated notes

Levels and vault maps discovered:
D:1:      lightli_arrival_lavapool, layout_basic, serial_shops, shop_statue,
          minmay_misc_feat_roman, chequers_serial_rivers_room_a,
          chequers_serial_rivers_small_b, minmay_tromino_mix6
D:2:      layout_basic, serial_corexii_hall, chequers_hall_statues_wall_a,
          corexii_hall_statues_x, chequers_hall_statues_corner_a,
          chequers_hall_statues_y, corexii_hall_statues_s,
          chequers_hall_statues_corner_a, dilly_ecumenical_altar_fadedgnrine

Skill      XL: |  1  2 |
---------------+-------+-----
Stealth        | 2 |  2.3
Conjurations   | 4 |  4.1
Dodging        | 2 |  2.2
Fighting       | |  0.3
Armour         | |  0.9
Unarmed Combat | |  0.1
Spellcasting   | |  1.8

Action                   || total
-------------------------++-------
Melee: Unarmed           ||    26
       Short sword       ||    63
       Punch             ||     1
 Cast: Magic Dart        ||    65
  Use: Potion            ||     5
Armor: Robe              ||     5
       Ring mail         ||    24
Dodge: Dodged            ||    64
